 Dungeon Crawl Stone Soup version 0.30-a0-778-g2ef04afb54 (webtiles) character file.

Game seed: 1502633626953445120

106 dolemite99 the Magician (level 5, 0/40 HPs)
             Began as a Djinni Conjurer on Feb 15, 2023.
             Slain by a shadow imp (1 damage)
             ... summoned by Natasha
             ... on level 2 of the Dungeon.
             The game lasted 00:02:34 (2077 turns).

dolemite99 the Magician (Djinni Conjurer)           Turns: 2077, Time: 00:02:34

Health: 0/40       AC:  2    Str:  6    XL:     5   Next: 10%
Gold:   64         EV: 12    Int: 21    God:
                   SH:  0    Dex: 12

rFire   + + .      SeeInvis .    (no weapon)
rCold   x . .      Faith    .    (no shield)
rNeg    . . .      Spirit   .    a - +0 robe
rPois   ∞          Reflect  .    (no helmet)
rElec   .          Harm     .    (no cloak)
rCorr   .          Rampage  .    (no gloves)
Will    .....                    (boots unavailable)
Stlth   ++                       (no amulet)
HPRegen 0.26/turn                (no ring)
MPRegen 0.00/turn                (no ring)

@: flying
A: sickness immunity, fire resistance 2, cold vulnerability 1, float, innate
caster, HP casting, extra vitality 1
a: no special abilities


You were on level 2 of the Dungeon.
You visited 1 branch of the dungeon, and saw 2 of its levels.

You collected 64 gold pieces.

Inventory:

Hand Weapons
 b - a +0 quarterstaff
Armour
 a - a +0 robe (worn)
Potions
 c - a potion of mutation {unknown}
 e - a potion of berserk rage
 g - a potion of heal wounds {unknown}
 h - a potion of flight {unknown}


   Skills:
 * Level 3.4 Fighting
 - Level 2.1 Dodging
 - Level 1.5 Stealth
 + Level 3.8 Spellcasting


You couldn't memorise any spells.
You knew the following spells:

 Your Spells              Type           Power      Damage    Failure   Level
a - Magic Dart            Conj           80%        1d7       2%          1
b - Shock                 Conj/Air       80%        1d8       2%          1
c - Searing Ray           Conj           40%        2d5       3%          2
d - Dazzling Flash        Conj/Hex       40%        N/A       8%          3
e - Iskenderun's Mystic   Conj/Tloc      20%        2d6       26%         4
f - Fulminant Prism       Conj/Hex       10%        3d8       26%         4
g - Lesser Beckoning      Tloc           40%        N/A       3%          2
Your spell library was empty.

Dungeon Overview and Level Annotations

Branches:
Dungeon (2/15)

Altars:

Annotations:
D:2 Natasha, Robin, Terence


Innate Abilities, Weirdness & Mutations

You are immune to sickness and miasma.
You are immune to poison.
Your flesh is very heat resistant. (rF++)
You are vulnerable to cold. (rC-)
You float through the air rather than walking.
You learn spells naturally, not from books.
Your magical power is your life essence.
You have superior vitality. (+4 MHP)


Message History

The goblin hits you but does no damage.
You feel better. Natasha claws you.
A goblin comes into view. It is wielding a +0 club. x2
The goblin hits you but does no damage. The goblin hits you with a +0 club.
A goblin comes into view. It is wielding a +0 dagger.
You aren't carrying any scrolls.
Unknown command.
Casting: Dazzling Flash (dangerous; 8% risk of failure)
Confirm with . or Enter, or press ? or * to list all spells.
The spell is quite dangerous to miscast (26% risk of failure)!
Continue anyway?
Okay, then.
Casting: Iskenderun's Mystic Blast (quite dangerous; 26% risk of failure)
Confirm with . or Enter, or press ? or * to list all spells.
Casting: Dazzling Flash (dangerous; 8% risk of failure)
Press: ? - help, Dir - look around, f - activate The goblin is dazzled.
Natasha is dazzled.
The goblin shouts! x4
* * * LOW HITPOINT WARNING * * *
Natasha mumbles some strange words.
Robin roars a battlecry!
The goblins go into a battle-frenzy!
The goblin hits you with a +0 dagger.
* * * LOW HITPOINT WARNING * * *
The goblin closely misses you.
A goblin comes into view. It is wielding a +0 club.
Found 10 gold pieces.
The shadow imp hits you.
* * * LOW HITPOINT WARNING * * *
The goblin moves out of view.
You barely miss the shadow imp. Natasha casts a spell at you.
You resist with some effort.
A worm comes into view.
Robin roars a battlecry!
The hobgoblin goes into a battle-frenzy!
The shadow imp barely misses you. The goblin hits you with a +0 club.
* * * LOW HITPOINT WARNING * * *
A goblin comes into view. It is wielding a +0 club.
Natasha zaps a wand.
The puff of flame hits you. You resist.
* * * LOW HITPOINT WARNING * * *
The shadow imp hits you.
You die... ....###...#..... ................... $.. ............... .gg

... .............####g# g...
...............##g##g. #
#.......(......gwg
####..†.......(##g.#
..................g##
................@.hg##
................5##@.#
....###..##......###'##
#.........#...........#
+.........#######.....#....
#.........#................ .
#.......................... .
#..............@..........# ..
#.......................#.#####..


You could see Terence, a worm, Robin, Natasha (blind), a shadow imp (summoned),
a hobgoblin (strong) and 9 goblins.

Vanquished Creatures
  Natasha (twice) (D:2)
  3 adders (D:2)
  A worm (D:2)
  A dart slug (D:1)
  3 bats
  4 endoplasms (D:1)
  4 goblins
  A hobgoblin (D:2)
  4 ball pythons (D:1)
  2 frilled lizards
  3 kobolds
  2 rats (D:2)
30 creatures vanquished.

Notes
Turn   | Place    | Note
-------+----------+-------------------------------------------
     0 | D:1      | dolemite99 the Djinni Conjurer began the quest for the Orb.
     0 | D:1      | dolemite99 set off with the following spells memorised:
                  | Magic Dart, Searing Ray, Dazzling Flash, Fulminant Prism,
                  | Iskenderun's Mystic Blast.
     0 | D:1      | Reached XP level 1. HP: 15/15 MP: 0/0
   262 | D:1      | Reached skill level 1 in Fighting
   262 | D:1      | Reached XP level 2. HP: 20/22 MP: 0/0
   939 | D:2      | Reached XP level 3. HP: 27/28 MP: 0/0
   939 | D:2      | Learned a level 1 spell: Shock
  1185 | D:2      | Noticed Robin
  1213 | D:2      | Reached XP level 4. HP: 32/34 MP: 0/0
  1276 | D:2      | Noticed Terence
  1328 | D:2      | Noticed Natasha
  1341 | D:2      | Killed Natasha
  1665 | D:2      | Noticed Natasha
  1793 | D:2      | Killed Natasha
  1794 | D:2      | Reached XP level 5. HP: 36/40 MP: 0/0
  1794 | D:2      | Learned a level 2 spell: Lesser Beckoning
  2069 | D:2      | Noticed Natasha
  2076 | D:2      | HP: 2/40 [goblin/+0 club[Robin] (1)]
  2077 | D:2      | Slain by a shadow imp

Illustrated notes

Levels and vault maps discovered:
D:1:      nicolae_arrival_memento_mori, layout_loops_cross
D:2:      layout_basic, uniq_terence, uniq_natasha, uniq_robin

Skill      XL: |  1  2  3  4 |
---------------+-------------+-----
Fighting       | 1 2 3 |  3.4
Dodging        | |  2.1
Stealth        | |  1.5
Spellcasting   | |  3.8

Action                     |  1- 3 |  4- 6 || total
---------------------------+-------+-------++-------
  Melee: Unarmed           |     1 |    11 ||    12
   Cast: Magic Dart        |    49 |     3 ||    52
         Searing Ray       |     1 |     4 ||     5
         Shock             |       |     3 ||     3
         Dazzling Flash    |       |     2 ||     2
    Use: Scroll            |       |     3 ||     3
         Potion            |       |     2 ||     2
 Armour: Robe              |       |     4 ||     4
  Dodge: Dodged            |     6 |    10 ||    16

Table legend: (Time is in decaauts)
 A = Elapsed time spent in this place.
 B = Non-inter-level travel time spent in this place.
 C = Inter-level travel time spent in this place.
 D = Time resting spent in this place.
 E = Time spent auto-exploring this place.
 F = Levels seen in this place.
 G = Mean time per level.
                   A        B        C        D        E       F      G
               +--------+--------+--------+--------+--------+-----+--------+
         Total |   2076 |   2008 |     68 |    881 |    783 |   2 | 1038.0 |
       Dungeon |   2076 |   2008 |     68 |    881 |    783 |   2 | 1038.0 |
               +--------+--------+--------+--------+--------+-----+--------+

Top non-repeatable levels by time:
     D:2: 1157 daAuts
     D:1: 919 daAuts
